Cogmind - Beta 15 @@@ ROGUE MODE // 2025.09.14 @ 17:37:46 Player: Elattomatos Result: Destroyed by S-10 Pest with Light Assault Rifle Performance ------------- Evolutions (1) 500 Regions Visited (2) 400 Robots Destroyed (22) 110 Value Destroyed (480) 480 Prototype IDs (0) 0 Alien Tech Used (0) 0 Bonus (0) 0 TOTAL SCORE: 1490 Bonus ------- None Cogmind --------- Core Integrity 0/400 Matter 300/300 Energy 100/100 System Corruption 0% Temperature Hot (224) Movement Core (200) Ox3 Location -9/Materials Parts ------- > --- POWER (1) -------- (None) > --- PROPULSION (2) --- (None) > --- UTILITY (4) ------ Heat Sink Small Storage Unit > --- WEAPON (2) ------- Beam Cannon Beam Cannon > --- INVENTORY (8) ---- Aluminum Leg Disposable Heat Sink Improved Terrain Scanner Seismic Detector Tractor Beam Beam Cannon Beam Cannon Datajack Peak State ------------ > --- POWER ------------ Light Ion Engine > --- PROPULSION ------- Wheel Wheel > --- UTILITY ---------- Small Storage Unit Seismic Detector > --- WEAPON ----------- EM Pulse Gun Assault Rifle > --- INVENTORY -------- Light Ion Engine Wheel Compact Wheel Compact Wheel Improved Terrain Scanner Seismic Detector EM Pulse Gun Mining Laser [Rating: 8] Favorites ----------- Power Light Ion Engine Engine Light Ion Engine Propulsion Compact Wheel Wheel Compact Wheel Utility Small Storage Unit Device Seismic Detector Storage Small Storage Unit Protection Light Armor Plating Weapon Assault Rifle Energy Gun Medium Laser Energy Cannon Beam Cannon Ballistic Gun Assault Rifle Ballistic Cannon Light Cannon Special Weapon Mining Laser Build | -11 -10 -9 ------- Run | Yrd Mat Mat Slots Evolved 2 | . . 2 Power . | . . . Propulsion . | . . . Utility 2 | . . 2 Weapon . | . . . Parts Attached 20 | 8 7 5 Power 2 | 1 1 . Engine 2 | 1 1 . Core . | . . . Reactor . | . . . Propulsion 6 | 3 3 . Treads . | . . . Leg . | . . . Wheel 6 | 3 3 . Hover . | . . . Flight . | . . . Utility 5 | 2 1 2 Device 3 | 1 1 1 Storage 1 | 1 . . Processor . | . . . Hackware . | . . . Protection 1 | . . 1 Artifact . | . . . Weapon 7 | 2 2 3 Energy Gun 2 | 1 1 . Energy Cannon 2 | . . 2 Ballistic Gun 1 | 1 . . Ballistic Cannon 1 | . 1 . Launcher . | . . . Special Weapon 1 | . . 1 Impact Weapon . | . . . Slashing Weapon . | . . . Piercing Weapon . | . . . Special Melee Weapon . | . . . Unidentified Prototypes . | . . . Parts Lost 13 | . 2 11 Power 2 | . . 2 Propulsion 5 | . 2 3 Utility 2 | . . 2 Weapon 4 | . . 4 Highest Loss Streak 5 | . 2 5 To Critical Strikes . | . . . Average Backups 6 | 3 8 6 Power . | . 1 . Propulsion 1 | 1 2 . Utility 2 | . 2 3 Weapon 1 | 1 2 . Tool/Special . | . . . Unused Backups 7 | . 1 6 Power . | . . . Propulsion . | . . . Utility 3 | . . 3 Weapon 3 | . 1 2 Tool/Special 1 | . . 1 Average Slot Usage (%) 77 | . 95 61 Engine 10 | . 14 7 Wheel 20 | . 23 16 Device 12 | . 14 10 Storage 12 | . 14 11 Energy Gun 5 | . 5 4 Energy Cannon 2 | . . 3 Ballistic Gun 7 | . 14 2 Ballistic Cannon 5 | . 8 2 Peak Build Rating 8 | 8 8 8 Average Rating 6 | 5 7 6 On Entrance 5 | . 8 8 Naked Turns . | . . . Heaviest Build 17 | 13 14 17 Greatest Support 32 | 26 26 32 Greatest Overweight (x) 4 | . 4 3 Average Overweight (x) . | . . . Largest Inventory Capacity 8 | 8 8 8 Average Capacity 7 | 7 8 8 Most Carried 8 | 8 8 8 Average Carried 6 | 3 7 6 Final Capacity 8 | 8 8 8 Final Carried 8 | 8 8 8 Class Distribution -------------------- 93% | Mutant 6% | Scavenger-Mutant Dominant Class ---------------- Mutant | -10/Materials Mutant | -9/Materials Resources | -11 -10 -9 ----------- Run | Yrd Mat Mat Matter Collected 620 | 331 152 137 Remotely . | . . . Salvage Created 596 | 109 157 330 Parts 46 | 13 14 19 Haulers Intercepted . | . . . Recyclers Shooed 1 | 1 . . Parts Field Recycled . | . . . Retrieved Matter . | . . . Parts Self-Destructed . | . . . Prevented . | . . . Kills | -11 -10 -9 ------- Run | Yrd Mat Mat Combat Hostiles Destroyed 15 | . 5 10 Guns 4 | . 3 1 Cannons 10 | . 2 8 Classes Destroyed 6 | 2 3 1 Tunneler 4 | 4 . . Recycler 2 | 1 1 . Operator 1 | . 1 . Swarmer 6 | . 3 3 Grunt 7 | . 2 5 Sentry 2 | . . 2 Best Kill Streak 4 | 2 4 3 Combat Bots Only 3 | . 3 3 Max Kills in Single Turn 2 | 1 2 1 Gunslinging . | . . . Exploded . | . . . Melee . | . . . Uniques/NPCs Destroyed . | . . . Combat | -11 -10 -9 -------- Run | Yrd Mat Mat Hostile Shots Fired 171 | . 50 121 Missed 35 | . 11 24 Hits 136 | . 39 97 Projectile 136 | . 39 97 Critical Strikes 2 | . 1 1 Damage Taken 1436 | . 445 991 Core 528 | . 127 401 Absorbed by Shields . | . . . Core Remaining (%) 74 | 100 49 . Volleys Fired 88 | 20 22 46 Largest 2 | 1 2 2 Hottest 120 | 20 70 120 Shots Fired 125 | 20 39 66 Gun 76 | 20 30 26 Cannon 45 | . 9 36 Launcher . | . . . Special 4 | . . 4 Kinetic 59 | 20 26 13 Thermal 66 | . 13 53 Explosive . | . . . Electromagnetic . | . . . Robot Hit Streak 15 | 6 12 15 Robot Miss Streak 4 | 1 3 4 Penetration Max . | . . . Secondary Targets 1 | . 1 . Max Gunslinging Chain 1 | . 1 . Shots Hit Robots 81 | 15 25 41 Core Hits 27 | 6 9 12 Critical Kills . | . . . Critical Parts Destroyed 2 | 1 1 . Critical Strikes 7 | 1 4 2 Burn 5 | . 3 2 Destroy 2 | 1 1 . Melee Attacks . | . . . Impact . | . . . Slashing . | . . . Piercing . | . . . Sneak Attacks . | . . . Combat Hostiles . | . . . Follow-up Attacks . | . . . Damage Inflicted 1262 | 174 372 716 Guns 597 | 174 238 185 Cannons 617 | . 134 483 Explosions . | . . . Melee . | . . . Ramming . | . . . Kinetic 571 | 174 284 113 Thermal 691 | . 88 603 Explosive . | . . . Electromagnetic . | . . . Impact . | . . . Slashing . | . . . Piercing . | . . . Highest Corruption 2 | . 2 . Average Corruption 2 | . 2 . Corruption Purged . | . . . Corruption Blocked . | . . . Overload Shots . | . . . Overflow Damage 6 | . 6 . Projectiles 6 | . 6 . Explosions . | . . . Melee . | . . . Knockbacks 4 | . 3 1 Impact . | . . . Kinetic 3 | . 2 1 Secondary 1 | . 1 . Self-Inflicted Damage . | . . . Shots . | . . . Rammed . | . . . Targets Rammed . | . . . Kicked . | . . . Crushed . | . . . Highest Temperature 400 | . 325 400 Average Temperature 174 | . 159 185 Received Heat Transfer 432 | . 234 198 Effects 8 | . 4 4 Shutdowns 1 | . . 1 Energy Bleed 1 | . 1 . Interference 5 | . 3 2 Damage (minor) 1 | . . 1 Siege Activations . | . . . Martial Activations . | . . . Shielding Activations . | . . . Robots Disrupted . | . . . Combat Hostiles . | . . . Robots Corrupted . | . . . Combat Hostiles . | . . . Parts Fried . | . . . Impact Corruptions 1 | . 1 . Robots Melted 1 | . . 1 Combat Hostiles 1 | . . 1 Parts Melted 7 | . 1 6 Heat Transferred 2061 | . 481 1580 Parts Sabotaged . | . . . Parts Stolen . | . . . Parts Stripped . | . . . Power Chain Reactions . | . . . Alert | -11 -10 -9 ------- Run | Yrd Mat Mat Maximum Alert Level . | . . . Low Security (%) 100 | 100 100 100 Level 1 . | . . . Level 2 . | . . . Level 3 . | . . . Level 4 . | . . . Level 5 . | . . . High Security . | . . . Max Security . | . . . Peak Influence 105 | 5 105 87 Initial 18 | . . 18 Average 32 | . 37 43 Influence Increases 503 | 25 153 325 Destroy 0b10 Robot/C 300 | . 100 200 Destroy 0b10 Robot/NC 35 | 25 10 . Destroy Leader 60 | . 20 40 Successful Hack 15 | . 8 7 Disable Machine 15 | . 15 . Destroy Structure 3 | . . 3 Lose Combat Pursuer 75 | . . 75 Influence Decreases 437 | 25 108 304 Entered New Map 27 | . . 27 Time Decay 300 | 25 108 167 Lost Part 110 | . . 110 Squads Dispatched . | . . . Investigation . | . . . Extermination . | . . . Reinforcement . | . . . Assault . | . . . Garrison . | . . . Intercept . | . . . Searches Triggered . | . . . Construction Impeded . | . . . Haulers Reinforced . | . . . Active Scanning Responses . | . . . Cargo Convoy Interrupts . | . . . Stealth | -11 -10 -9 --------- Run | Yrd Mat Mat Distress Signals . | . . . Communications Jammed . | . . . Distress Signals . | . . . Times Spotted 28 | . 7 21 Peak Tracking Total 5 | . 3 5 Tactical Retreats 2 | . . 2 Traps | -11 -10 -9 ------- Run | Yrd Mat Mat Traps Triggered 1 | . 1 . Indirectly . | . . . Trap Hack Attempts . | . . . Triggered . | . . . Disarmed . | . . . Reprogrammed . | . . . Reused . | . . . Traps Extracted . | . . . Installed . | . . . Triggered . | . . . Machines | -11 -10 -9 ---------- Run | Yrd Mat Mat Machines Disabled 1 | . 1 . Max in Single Turn 1 | . 1 . Machines Repaired . | . . . Machines Dismantled . | . . . Machines Sabotaged . | . . . Overloaded Fab Kills . | . . . Hacking | -11 -10 -9 --------- Run | Yrd Mat Mat Machines Accessed 5 | . 3 2 Terminals 5 | . 3 2 Fabricators . | . . . Repair Stations . | . . . Recycling Units . | . . . Scanalyzers . | . . . Garrison Access . | . . . Total Hacks 13 | . 7 6 Successful 7 | . 3 4 Failed 5 | . 4 1 Catastrophic 1 | . 1 . Database Lockouts 1 | . . 1 Manual . | . . . Terminals 13 | . 7 6 Fabricators . | . . . Repair Stations . | . . . Recycling Units . | . . . Scanalyzers . | . . . Garrison Access . | . . . Terminal Hacks 7 | . 3 4 Record 6 | . 3 3 Robot Analysis 1 | . . 1 Fabricator Hacks . | . . . Repair Station Hacks . | . . . Recycling Unit Hacks . | . . . Scanalyzer . | . . . Garrison Access Hacks . | . . . Unauthorized Hacks . | . . . Terminals . | . . . Fabricators . | . . . Repair Stations . | . . . Recycling Units . | . . . Scanalyzers . | . . . Garrison Access . | . . . Data Cores Recovered 1 | . 1 . Used 1 | . 1 . Hacking Detections 5 | . 3 2 Full Trace Events 2 | . . 2 Feedback Events . | . . . Feedback Blocked . | . . . Robot Schematics Acquired . | . . . Robots Built . | . . . Authchips . | . . . Time . | . . . Total Robot Build Rating . | . . . Part Schematics Acquired . | . . . Parts Built . | . . . Authchips . | . . . Time . | . . . Total Part Build Rating . | . . . Parts Repaired . | . . . Time . | . . . Parts Recycled . | . . . Recycled Matter . | . . . Retrieved Matter . | . . . Retrieved Components . | . . . Parts Scanalyzed . | . . . Part Schematics Acquired . | . . . Parts Damaged . | . . . Bothacking | -11 -10 -9 ------------ Run | Yrd Mat Mat Used RIF Installer . | . . . Robots Hacked . | . . . Non-combat . | . . . Combat . | . . . Robot Hacks Applied . | . . . Relay Couplers Released . | . . . Fabnet Peak Effective % . | . . . Robots Rewired . | . . . Allies Hacked . | . . . Hacks Repelled . | . . . Allies | -11 -10 -9 -------- Run | Yrd Mat Mat Total Allies . | . . . Largest Group . | . . . Highest-Rated Group . | . . . Highest-Rated Ally . | . . . Total Orders . | . . . Ally Attacks . | . . . Total Damage . | . . . Kills . | . . . Allies Corrupted . | . . . Allies Melted . | . . . Intel | -11 -10 -9 ------- Run | Yrd Mat Mat Active Infowar (turns) 676 | 71 300 305 Seismic 676 | 71 300 305 Robot Analysis Total 1 | . . 1 Derelict Logs Recovered . | . . . Drone Launches . | . . . Drone Recoveries . | . . . Exploration | -11 -10 -9 ------------- Run | Yrd Mat Mat Turns Passed 829 | 181 300 348 Spaces Moved 601 | 148 244 209 Core 28 | 21 5 2 Treads . | . . . Legs . | . . . Wheels 573 | 127 239 207 Hover . | . . . Flight . | . . . Fastest Speed 50 | 50 80 90 Average Speed 90 | 79 89 98 Slowest Speed 250 | 90 250 200 Overloaded Moves . | . . . Propulsion Burnouts . | . . . Robots Hopped . | . . . Potential Cave-ins . | . . . Cave-ins Triggered . | . . . Exploration Rate (%) 21 | 6 38 20 Regions Visited 2 Branch Regions . Pre-discovered Areas . | . . . Known Exits Taken . | . . . Unknown Exits Taken 2 | 1 1 . Scrap Searched . | . . . Spaces Dug 2 | . . 2 Terrain Destroyed 2 | . . 2 Melee . | . . . Projectile 2 | . . 2 AOE . | . . . Terrain Rammed . | . . . Walls Destroyed . | . . . Machines Disabled . | . . . Actions | -11 -10 -9 --------- Run | Yrd Mat Mat Total 749 | 189 284 276 Wait 8 | . 3 5 Move 599 | 147 243 209 Hop . | . . . Pick Up 23 | 14 3 6 Fast Attach 5 | 1 2 2 Attach 13 | 6 1 6 Detach . | . . . Swap 10 | 1 7 2 Drop 3 | . 3 . Fire 88 | 20 22 46 Melee . | . . . Ram . | . . . Kick . | . . . Crush . | . . . Escape Stasis . | . . . Rewire . | . . . Trap . | . . . Miscellaneous . | . . . Route ------- -11/Scrapyard -10/Materials -9/Materials History --------- Turn | Location | Event 11 | -11/Scrapyard | Discovered new exit (range 14) 182 | -11/Scrapyard | Entered Materials 352 | -10/Materials | Build established: Mutant 364 | -10/Materials | Core integrity fell below 50% 429 | -10/Materials | Discovered new exit (range 12) 482 | -10/Materials | Entered another Materials area 482 | -9/Materials | Evolved 2 slots: Utility x2 598 | -9/Materials | Core integrity fell below 50% 624 | -9/Materials | Lost 5 parts (1p1n3w) 661 | -9/Materials | Central database locked down 800 | -9/Materials | Core integrity fell below 20% 830 | -9/Materials | Destroyed by S-10 Pest with Light Assault Rifle Last Messages --------------- 00813_ Heat Sink melted. 00813_ Y-45 Defender destroyed. 00814_ Acquired 5 matter. 00814_ K-01 Serf collects debris. 00819_ Lgt. Ion Engine destroyed. 00819_ Lgt. Armor Plating destroyed. 00820_ R-06 Scavenger collects Aluminum Leg. 00821_ K-01 Serf collects debris. 00823_ Overheating: Sml. Storage Unit damaged (-34). 00823_ R-06 Scavenger collects Aluminum Leg. 00824_ K-01 Serf collects debris. 00824_ Y-45 Defender destroyed. 00826_ R-06 Scavenger collects Heat Sink. 00827_ K-01 Serf collects debris. 00829_ C-30 ARC bursts open, deploying its payload. 00829_ S-10 Pest unfolds itself. 00830_ K-01 Serf collects debris. 00830_ Acquired Aluminum Leg. Map ----- +----------------------------------------------------+ | | | ?????????????????????????????????????????????????? | | ?????????????????????????????????????????????????? | | ?????????????????????????????????????????????????? | | ??????????????????????????#####??????????????????? | | ????????????????????????? #??????????????????? | | ????????????????????#???"" #??????????????????? | | ????????????????????# """"" #??????????????????? | | ?????????#######????# """"" #??????????????????? | | ?????????# #????# """"" #??????????????????? | | ?????????# "" ###### """ #??????????????????? | | ?????????# "" # #?? #??????????????????? | | ?????????# "T # #???? ????????????????????? | | ?????????# "" # #???###+###???????????????????? | | ??######## "" + #???# #???????????????????? | | ??# # # ##### #????###????????????? | | ??# # """ # u " #???!!!##???????????? | | ??# "" # """ # ##### #?? !#???????????? | | ??# "T # """ # #???# #? #???????????? | | ??# "" # # #???## ### ##??????????? | | ### # # ###### #??????????? | | ###+########## # # s ##?????????? | | # #%s +?????????? | | # #ss #?????????? | | # #= #?????????? | | ###+######+##### # %#@! """ """ ???????? | | ## # ## # =%%+%[ """ """ ????????? | | ## "T" # ## # = %#!k """ """????????????? | | ## # ## ###### ^ ????????????? | | ## # ## #???? ????????????? | | ## # ## #???? ??????????? | | ## # ## #???? u ???????????? | | ######+## ## #???# ???????????? | | ##### ## ## #???# ######k##???????????? | | + #? ????### #?????? ???????????? | | # #? ??????? #???????????????????? | | # #? ??????? ???????????????????? | | #### # #? ??????? ###???????????????????? | | ###### # #? ??????? ??????????????????????? | | ## ########? ??????? ??????????????????????? | | ## ######??? ??????? ??????????????????????? | | ## ???????????????????????????? | | ## #???????????????????????????? | | ## #???????????????????????????? | | " ## ####### ????????????????????????????? | | " ## #????????###????????????????????????????? | | " ## #???????????????????????????????????????? | | ## #???????????????????????????????????????? | | ###### #???????????????????????????????????????? | | ?????# #???????????????????????????????????????? | +----------------------------------------------------+ Best States ------------- Heat Dissipation 38 Energy Generation 10 Energy Capacity 125 Matter Stores 300 Matter Capacity 300 Sight Range 16 Terrain Scan Density 10 Armor Coverage 150 Evasion (%) 50 Item Schematics ----------------- None Robot Schematics ------------------ None Fabricated ------------ Nothing Repaired ---------- Nothing Alien Tech Used ----------------- None Achievements -------------- Dynamic Key Challenges ------------ None Game ------ Seed CooledSpreadDirector Manual? 0 Play Time 00:20:07 Cumulative 28.4 hours Start 2025.09.14 @ 16:19:26 End 2025.09.14 @ 17:37:46 Sessions 1 Manual Loads 0 Difficulty Rogue Special Mode None Game No. 19 Rogue 19 Adventurer 0 Explorer 0 Win Type - Total 0 Types 0/0/0/0/0/0/0/0/0/0 Lore% 13 Gallery% 20 Achievement% 18 Wizard Run 0 Options --------- Layout 1 ASCII 0 Keyboard 0 Movement Mouse Keybinds 0 Fullscreen 2 Font 24/Proggy Map View 50x35 Zoom Use 0% Tactical HUD 1 Map Filters NONE Filters NONE Steam 1 RUN: 19b23774-cc11-48b8-90d0-18abc3039d47